Map: 애씨드 플랜트 - 래더

Players

jade

  • Race: Protoss Protoss
  • League: Master
  • Spawn Location: 5:00

SuperNova - Winner!

  • Race: Terran Terran
  • League: Grandmaster
  • Spawn Location: 11:00

VOD

Have the link to the VOD?

Description

Time

  • Played on: Oct. 19, 2018, 2:45 a.m.
  • Length: 11:30
Show
View Real Time Build Order
Export as new Build Order

jade Protoss 

Build Orders: 1 Gate Expand, Blink Stalkers 

Get SALT Encoding   

  12  0:00  Probe  
  13  0:12  Probe  
  14  0:17  Pylon  
  14  0:22  Probe  
  15  0:31  Probe  
  16  0:37  Gateway  
  16  0:39  Probe  
  16  0:46  Assimilator  
  17  0:51  Probe  
  18  1:03  Probe  
  19  1:15  Probe  
  20  1:24  Nexus  
  20  1:33  Cybernetics Core  
  20  1:37  Probe  
  21  1:42  Assimilator  
  21  1:49  Probe  
  21  1:54  Pylon  
  23  2:01  Probe  
  23  2:03  Adept  
  23  2:11  Warp Gate  
  23  2:13  Probe  
  26  2:21  Adept, Twilight Council  
  26  2:25  Probe  
  27  2:32  Probe  
  30  2:37  Probe  
  30  2:40  Probe  
  31  2:49  Probe  
  31  2:50  Probe  
  33  3:01  Probe, Stalker  
  33  3:03  Blink  
  36  3:07  Probe  
  37  3:14  Probe  
  37  3:19  Probe  
  39  3:21  Gateway  
  39  3:25  Robotics Facility  
  39  3:33  Stalker  
  41  3:36  Probe  
  42  3:41  Gateway  
  42  3:45  Shield Battery, Probe  
  43  3:49  Pylon  
  43  3:50  Probe  
  44  3:57  Probe  
  44  4:02  Probe  
  46  4:03  Pylon  
  46  4:14  Stalker  
  46  4:18  Stalker  
  42  4:29  Warp Prism  
  37  4:34  Probe  
  37  4:35  Probe  
  37  4:42  Probe  
  37  4:44  Probe  
  39  4:47  Stalker  
  39  4:48  Stalker x2  
  39  4:50  Probe  
  39  4:52  Probe  
  49  5:00  Probe  
  49  5:03  Probe  
  49  5:04  Charge  
  49  5:05  Observer  
  52  5:12  Probe  
  53  5:14  Nexus  
  53  5:26  Probe  
  53  5:27  Observer  
  55  5:29  Forge  
  55  5:30  Probe  
  55  5:32  Forge  
  56  5:36  Adept x2  
  56  5:39  Adept  
  62  5:48  Pylon  
  62  5:49  Assimilator  
  62  5:56  Assimilator, Protoss Ground Armor Level 1  
  62  6:06  Observer, Probe x2  
  65  6:11  Protoss Ground Weapons Level 1  
  65  6:16  Pylon  
  65  6:18  Probe x2  
  67  6:20  Pylon  
  67  6:29  Gateway  
  67  6:30  Probe x2  
  69  6:33  Gateway  
  69  6:36  Probe  
  70  6:41  Gateway  
  70  6:42  Probe x2  
  70  6:43  Pylon  
  70  6:46  Gateway  
  72  6:48  Probe  
  72  6:50  Pylon  
  73  7:04  Probe x3  
  73  7:06  Photon Cannon  
  74  7:09  Immortal  
  74  7:14  Gateway  
  76  7:16  Probe  
  73  7:26  Protoss Ground Armor Level 2  
  73  7:32  Stalker x2  
  73  7:33  Stalker  
  75  7:43  Sentry, Zealot x2  
  81  7:51  Probe x3  
  84  7:59  Immortal, Pylon  
  84  8:01  Protoss Ground Weapons Level 2  
  84  8:03  Probe x3  
  91  8:08  Sentry, Pylon  
  91  8:09  Sentry, Zealot x3  
  91  8:10  Pylon  
  101  8:15  Probe x3  
  103  8:27  Probe x2  
  103  8:28  Templar Archives  
  103  8:29  Zealot  
  103  8:30  Zealot x2  
  111  8:35  Zealot x2  
  111  8:38  Zealot  
  117  8:47  Zealot x2  
  121  9:04  Zealot x3  
  121  9:05  Zealot x3  
  133  9:16  Warp Prism  
  127  9:21  Stalker x2  
  131  9:24  Pylon  
  131  9:26  Stalker x4, Pylon  
  131  9:30  Pylon, High Templar  
  141  9:35  Pylon  
  141  9:37  Assimilator  
  141  9:47  High Templar x2  
  141  9:48  High Templar  
  141  9:49  Assimilator  
  141  9:52  High Templar x2  
  149  9:54  Archon  
  149  9:55  Archon  
  149  9:58  Warp Prism  
  149  9:59  Archon  
  153  10:13  Stalker x3  
  159  10:24  Zealot x4  
  159  10:25  Zealot  
  169  10:39  Probe x3  
  164  10:50  Nexus  
  164  10:51  Probe x2, Zealot x2  
  164  10:52  Pylon, Zealot  
  164  10:56  Pylon  
  172  10:57  Pylon  
  102  11:22  Stalker x4  
  102  11:23  Stalker x3  
Show
View Real Time Build Order
Export as new Build Order

SuperNova Terran - Winner!

Build Orders: Cyclone Opening, Reaper Expand, Mech 

Get SALT Encoding   

  12  0:01  SCV  
  13  0:13  SCV  
  14  0:18  Supply Depot  
  14  0:25  SCV  
  15  0:30  Refinery  
  15  0:39  SCV  
  16  0:44  Barracks  
  16  0:51  SCV  
  17  1:03  SCV  
  18  1:15  SCV  
  19  1:31  Orbital Command  
  19  1:32  Reaper  
  20  1:44  Command Center  
  20  1:55  Factory  
  20  2:00  SCV  
  21  2:07  Barracks Reactor  
  21  2:10  Refinery  
  21  2:12  SCV  
  22  2:18  Supply Depot  
  22  2:24  SCV  
  23  2:40  SCV  
  24  2:47  Cyclone  
  24  2:49  Marine  
  28  2:52  SCV  
  28  2:58  Cyclone  
  32  3:04  SCV  
  33  3:05  Orbital Command  
  33  3:07  Marine  
  34  3:17  Starport  
  34  3:19  Hellion  
  36  3:20  SCV  
  37  3:27  Barracks Tech Lab  
  37  3:32  Hellion  
  40  3:34  SCV x2  
  41  3:42  Supply Depot  
  41  3:46  SCV x2  
  43  3:58  SCV  
  43  3:59  SCV  
  43  4:02  Factory Tech Lab  
  44  4:04  Cloaking Field, Banshee  
  47  4:10  SCV  
  47  4:11  SCV  
  49  4:21  Marine x2  
  45  4:30  SCV  
  44  4:33  SCV  
  44  4:34  Siege Tank  
  44  4:39  Marine  
  44  4:41  Bunker  
  44  4:42  SCV  
  44  4:44  Command Center  
  46  4:45  SCV  
  46  4:46  Marine  
  46  4:49  Banshee  
  51  4:53  Supply Depot  
  51  4:56  SCV  
  51  4:57  SCV  
  53  5:01  Refinery  
  53  5:04  Refinery  
  53  5:08  SCV  
  54  5:14  Marine x2  
  54  5:15  Siege Tank, SCV  
  54  5:16  Supply Depot  
  54  5:20  SCV  
  58  5:27  SCV  
  59  5:32  Banshee  
  62  5:37  Marine x2  
  62  5:38  SCV  
  62  5:39  SCV  
  62  5:40  Supply Depot  
  66  5:47  Siege Tank  
  69  5:50  SCV  
  69  5:51  Factory  
  69  5:54  Supply Depot  
  70  5:58  Orbital Command  
  70  6:01  Factory  
  70  6:02  Engineering Bay, Marine x2  
  72  6:04  SCV x2  
  69  6:16  Raven, SCV x2  
  73  6:20  Marine x2  
  73  6:24  SCV  
  76  6:28  Siege Tank, SCV  
  76  6:29  SCV  
  76  6:31  Missile Turret x2  
  81  6:36  SCV  
  81  6:37  Missile Turret  
  81  6:38  Missile Turret  
  84  6:45  SCV x2  
  84  6:48  Supply Depot  
  84  6:53  Hellion x2  
  84  6:54  SCV  
  88  7:01  SCV  
  88  7:07  Siege Tank x2  
  95  7:12  SCV  
  95  7:14  Starport Reactor  
  96  7:20  Hellion x2  
  100  7:23  Orbital Command  
  100  7:27  SCV  
  100  7:28  SCV  
  99  7:36  Refinery  
  99  7:39  Siege Tank, SCV  
  99  7:40  Armory, SCV  
  99  7:41  Armory, Refinery  
  99  7:43  Liberator  
  104  7:46  Hellion x2  
  104  7:48  Liberator  
  104  7:49  SCV  
  109  7:54  Supply Depot  
  109  7:58  SCV x2  
  111  8:02  SCV  
  112  8:07  Bunker  
  112  8:10  Bunker, SCV x2  
  117  8:15  SCV  
  117  8:16  Hellion x3  
  124  8:22  SCV  
  124  8:23  Armory  
  124  8:24  Armory  
  124  8:26  Missile Turret  
  125  8:28  Missile Turret  
  125  8:30  Missile Turret  
  125  8:31  Sensor Tower  
  125  8:39  Terran Vehicle And Ship Armor Level 1, Terran Ship Weapons Level 1  
  125  8:44  SCV  
  125  8:46  Siege Tank  
  125  8:47  SCV x2  
  125  8:48  Hellion  
  125  8:49  Hellion  
  125  8:51  Hellion  
  125  9:00  SCV  
  125  9:01  SCV  
  125  9:12  SCV  
  125  9:18  Command Center  
  125  9:21  Missile Turret  
  125  9:25  SCV x3, Hellion  
  125  9:26  Barracks Tech Lab, Factory Tech Lab  
  125  9:27  Starport, Infernal Pre-Igniter  
  125  9:28  Siege Tank, Starport  
  133  9:39  Supply Depot  
  133  9:40  Supply Depot  
  133  9:43  Supply Depot  
  133  9:47  Liberator x2  
  133  9:51  Fusion Core  
  133  9:53  Supply Depot  
  133  9:54  Supply Depot  
  133  9:56  Supply Depot x2  
  133  9:57  Supply Depot  
  133  10:01  SCV, Hellion x2  
  133  10:03  Siege Tank x2  
  133  10:05  Starport Tech Lab x2  
  133  10:07  SCV x2  
  148  10:18  Missile Turret  
  148  10:19  Missile Turret  
  148  10:20  Supply Depot  
  144  10:23  Supply Depot  
  142  10:36  Hellion x2  
  142  10:40  Missile Turret  
  142  10:41  Missile Turret  
  160  11:01  Missile Turret, Hellion x3  
Tags
 
Add a new tag
Caveats
  • Supply blocks, unpowered buildings, or Contaminate may cause inaccurate times.
  • Supply counts are checked every 10 seconds.